 Dungeon Crawl Stone Soup version 0.30-a0-715-gdb4ae3ece1 (webtiles) character file.

Game seed: 11716351574820872534

549 flotson the Sneak (level 7, -2/54 HPs)
             Began as a Demonspawn Delver on Jan 23, 2023.
             Slain by an ice beast (9 damage)
             ... on level 5 of the Dungeon.
             The game lasted 00:06:28 (4029 turns).

flotson the Sneak (Demonspawn Delver)               Turns: 4029, Time: 00:06:29

Health: -2/54      AC:  8    Str: 14    XL:     7   Next: 7%
Magic:  7/7        EV: 10    Int: 11    God:
Gold:   217        SH:  4    Dex: 15    Spells: 6/6 levels left

rFire   . . .      SeeInvis .    a - +1 quarterstaff (heavy)
rCold   . . .      Faith    .    (shield currently unavailable)
rNeg    . . .      Spirit   .    h - +0 scale mail
rPois   .          Reflect  .    m - +0 helmet
rElec   .          Harm     .    (no cloak)
rCorr   .          Rampage  .    (no gloves)
Will    +....                    (no boots)
Stlth   ++                       (no amulet)
HPRegen 0.29/turn                u - ring of willpower
MPRegen 0.10/turn                (no ring)

@: no status effects
A: foul stench 1, sharp scales 1, condensation shield, weakness stinger 1
a: no special abilities


You were on level 5 of the Dungeon.
You visited 1 branch of the dungeon, and saw 5 of its levels.

You collected 217 gold pieces.

Inventory:

Hand Weapons
 a - a +1 heavy quarterstaff (weapon)
 b - a +1 war axe of freezing
Missiles
 i - 10 poisoned darts (quivered)
Armour
 h - a +0 scale mail (worn)
 m - a +0 helmet (worn)
Jewellery
 u - a ring of willpower (left hand)
Wands
 g - a wand of digging (3)
 j - a wand of polymorph (8)
Scrolls
 c - a scroll of fog
 d - a scroll of magic mapping
 e - 5 scrolls of teleportation {unknown}
 k - 2 scrolls of immolation {unknown}
 l - 2 scrolls of noise {unknown}
 n - 3 scrolls of identify {unknown}
 q - a scroll of brand weapon {unknown}
 s - a scroll of vulnerability {unknown}
 t - a scroll of amnesia {unknown}
 v - a scroll of blinking {unknown}
 w - a scroll of enchant armour {unknown}
Potions
 f - a potion of curing {unknown}
 o - a potion of brilliance {unknown}
 p - a potion of heal wounds {unknown}
 r - a potion of attraction {unknown}
 x - a potion of berserk rage {unknown}


   Skills:
 + Level 4.3 Fighting
 + Level 3.2 Axes
 + Level 2.1 Throwing
 + Level 2.3 Armour
 + Level 3.1 Dodging
 - Level 5.0 Stealth
 + Level 2.6 Evocations


You had 6 spell levels left.
You didn't know any spells.
Your spell library contained the following spells:

 Spells                   Type           Power      Damage    Failure   Level
 Inner Flame              Hex/Fire       0%         N/A       99%         3
 Cause Fear               Hex            0%         N/A       100%        4
 Discord                  Hex            0%         N/A       100%        8


Dungeon Overview and Level Annotations

Branches:
Dungeon (5/15)
 Temple: D:4-7

Altars:
Ashenzari

Annotations:
D:3 Pargi


Innate Abilities, Weirdness & Mutations

You may rarely emit foul miasma when damaged in melee.
You are partially covered in razor-sharp scales. (AC +1, Slay +1)
A meltable shield of frost defends you. (SH +4)
You have a small tail.


Message History

An adder is nearby!
The adder hisses angrily.
You sock the adder!
You kill the adder!
No target in view!
No target in view!
No target in view!
No target in view!
No target in view!
No target in view!
An ice beast is nearby!
You see here an adder corpse.
You closely miss the ice beast. The ice beast barely misses you. x2
You hit the ice beast but do no damage. The ice beast hits you.
The ice beast freezes you!
You emit a cloud of foul miasma!
The ice beast is engulfed in dark miasma.
The ice beast is poisoned.
The ice beast hits you. The ice beast freezes you!
You are too injured to fight recklessly!
You are too injured to fight recklessly!
You are too injured to fight recklessly!
You are too injured to fight recklessly!
You are too injured to fight recklessly!
You are too injured to fight recklessly!
You are too injured to fight recklessly!
You are too injured to fight recklessly!
The ice beast is engulfed in dark miasma.
The ice beast looks even sicker.
The ice beast seems to slow down.
The ice beast is no longer moving slowly.
You see here an adder corpse.
The ice beast attacks as you move away!
The ice beast hits you but does no damage.
You thump the ice beast!
The ice beast is almost dead.
The ice beast hits you. The ice beast freezes you!
* * * LOW HITPOINT WARNING * * *
The ice beast barely misses you. The ice beast attacks as you move away!
The ice beast hits you.
* * * LOW HITPOINT WARNING * * *
The ice beast freezes you!
You die...

....~~~≈≈≈co.
#....~≈≈≈......#
..~.~≈≈~~~~....####.
..~.~≈≈~~...#.......
.~~~P≈≈~~...#.......
)P~≈≈≈~~~...#.....
..~≈≈≈~P~...#...
.P~≈≈≈~~..#.#)#############
≈≈~~..°....†Y@.......<.#
≈≈~~..##.#.###########.###
≈≈≈~.. #.#.# #...#
≈~≈....#.#.# ###.#
~~~....#.#'###### #.#
~~~............... #.# ~
~......))....... #.#
..#.#.†.)....... #.#
~......'########### #.#


You could see an ice beast (poisoned).

Vanquished Creatures
  An ogre (D:4)
  A centaur (D:5)
  2 hounds (D:4)
  An orc priest (D:5)
  2 iguanas
  4 orc wizards
  Robin (D:2)
  4 adders
  3 worms
  A dart slug (D:4)
  13 orcs
  3 endoplasms
  2 giant cockroaches
  14 goblins
  8 hobgoblins
  4 quokkas
  3 ball pythons
  4 bats
  2 frilled lizards
  7 kobolds
  8 rats
88 creatures vanquished.

Vanquished Creatures (others)
  15 plants
15 creatures vanquished.

Grand Total: 103 creatures vanquished

Notes
Turn   | Place    | Note
-------+----------+-------------------------------------------
     0 | D:5      | flotson the Demonspawn Delver began the quest for the Orb.
     0 | D:5      | Reached XP level 1. HP: 18/18 MP: 1/1
    30 | D:5      | Noticed an iguana
    89 | D:5      | Noticed a centaur
   264 | D:4      | Gained mutation: You have a small tail. [demonic ancestry]
   264 | D:4      | Reached XP level 2. HP: 16/24 MP: 2/2
   478 | D:3      | Gained mutation: You may rarely emit foul miasma when
                  | damaged in melee. [demonic ancestry]
   478 | D:3      | Reached XP level 3. HP: 9/29 MP: 3/3
   583 | D:3      | Reached skill level 1 in Armour
   583 | D:3      | Reached skill level 1 in Evocations
  1053 | D:1      | Reached XP level 4. HP: 30/35 MP: 4/4
  1928 | D:2      | Noticed Robin
  2244 | D:2      | Killed Robin
  2527 | D:2      | Reached skill level 1 in Throwing
  2654 | D:3      | Found a faded altar of an unknown god.
  2667 | D:3      | Gained mutation: A meltable shield of frost defends you.
                  | (SH +4) [demonic ancestry]
  2667 | D:3      | Reached XP level 5. HP: 41/41 MP: 5/5
  2810 | D:3      | Noticed Pargi
  3172 | D:4      | Noticed an ogre
  3177 | D:4      | Killed an ogre
  3178 | D:4      | Reached skill level 5 in Stealth
  3335 | D:4      | Found a broken altar of Ashenzari.
  3431 | D:4      | Gained mutation: You are partially covered in razor-sharp
                  | scales. (AC +1, Slay +1) [demonic ancestry]
  3431 | D:4      | Reached XP level 6. HP: 38/48 MP: 6/6
  3971 | D:5      | Reached XP level 7. HP: 34/54 MP: 7/7
  4029 | D:5      | Slain by an ice beast

Illustrated notes

Levels and vault maps discovered:
D:1:      eino_arrival_tree_alley, layout_loops_corners, serial_bayou,
          serial_bayou_pond_d, serial_bayou_ford_a, serial_bayou_lagoon_a,
          serial_bayou_lake_a, serial_bayou_lagoon_b, serial_bayou_pond_c,
          minmay_crystal_room, minmay_misc_feat_encased, minivault_4
D:2:      layout_basic, serial_glass, glass_columns_b, glass_columns_a,
          feat_on_display, uniq_robin
D:3:      layout_basic, nicolae_ecumenical_pavilion, uniq_pargi
D:4:      layout_basic, mainiacjoe_overflow_alcove_1
D:5:      layout_basic, temple_green, kennysheep_pointless_box,
          chequers_big_river, uniq_blork_the_orc, uniq_crazy_yiuf_cottage

Skill      XL: |  1  2  3  4  5  6 |
---------------+-------------------+-----
Dodging        | 2 3 |  3.1
Axes           | 2 3 |  3.2
Armour         | 1 2 |  2.3
Evocations     | 1 2 |  2.6
Throwing       | 1 2 |  2.1
Stealth        | 5 |  5.0
Fighting       | 4 |  4.3

Action                     |  1- 3 |  4- 6 |  7- 9 || total
---------------------------+-------+-------+-------++-------
  Melee: Hand axe          |    76 |    86 |       ||   162
         Tailslap          |     3 |    22 |       ||    25
         Punch             |     1 |       |       ||     1
         Quarterstaff      |       |    79 |     4 ||    83
  Throw: Dart              |     6 |    12 |       ||    18
    Use: Scroll            |     1 |       |       ||     1
         Potion            |     1 |       |       ||     1
   Stab: Sleeping          |     1 |     2 |       ||     3
 Armour: Scale mail        |    25 |    95 |     1 ||   121
  Dodge: Dodged            |    38 |   111 |     3 ||   152
  Block: Other             |       |    17 |       ||    17

Table legend: (Time is in decaauts)
 A = Elapsed time spent in this place.
 B = Non-inter-level travel time spent in this place.
 C = Inter-level travel time spent in this place.
 D = Time resting spent in this place.
 E = Time spent auto-exploring this place.
 F = Levels seen in this place.
 G = Mean time per level.
                   A        B        C        D        E       F      G
               +--------+--------+--------+--------+--------+-----+--------+
         Total |   4203 |   4093 |    110 |    468 |   2761 |   5 |  840.6 |
       Dungeon |   4203 |   4093 |    110 |    468 |   2761 |   5 |  840.6 |
               +--------+--------+--------+--------+--------+-----+--------+

Top non-repeatable levels by time:
     D:1: 1370 daAuts
     D:3: 881 daAuts
     D:4: 832 daAuts
     D:2: 704 daAuts
     D:5: 415 daAuts
